 Dungeon Crawl Stone Soup version 0.28.0-47-ge53b351184 (webtiles) character file.

Game seed: 9471619953568904795

148 Icepheonix32 the Chiller (level 5, -1/35 HPs)
             Began as a Demonspawn Ice Elementalist on May 4, 2022.
             Slain by a water moccasin (5 damage)
             ... on level 3 of the Dungeon.
             The game lasted 00:07:04 (4090 turns).

Icepheonix32 the Chiller (DsIE)                     Turns: 4090, Time: 00:07:04

Health: -1/35      AC:  9    Str:  9    XL:     5   Next: 8%
Magic:  5/10       EV: 12    Int: 18    God:
Gold:   67         SH:  0    Dex: 13    Spells: 3/10 levels left

rFire   . . .      SeeInvis .   n - +2 dagger (elec)
rCold   . . .      Faith    .   (no shield)
rNeg    . . .      Spirit   .   a - +0 robe
rPois   .          Reflect  .   (helmet restricted)
rElec   .          Harm     .   h - scarf {repulsion}
rCorr   .          Rampage  .   o - +0 pair of gloves
Will    .....                   (no boots)
Stlth   ++........              (no amulet)
HPRegen 0.11/turn               (no ring)
MPRegen 0.12/turn               (no ring)

@: lethally poisoned (-1 -> -7), ice-armoured, repel missiles
A: horns 1, ignite blood 1
a: no special abilities


You were on level 3 of the Dungeon.
You visited 1 branch of the dungeon, and saw 3 of its levels.

You collected 67 gold pieces.

Inventory:

Hand Weapons
 c - a +0 dagger
 e - a +0 spear
 g - a +1 dagger of venom
 l - a +0 falchion
 n - a +2 dagger of electrocution (weapon)
Armour
 a - a +0 robe (worn)
 h - a scarf of repulsion (worn)
 m - a +0 animal skin
 o - a +0 pair of gloves (worn)
Wands
 j - a wand of flame (13)
Scrolls
 b - a scroll of fog {unknown}
 d - a scroll of amnesia {unknown}
 i - a scroll of enchant armour {unknown}
 k - 3 scrolls of fear {unknown}
 p - a scroll of teleportation {unknown}
Potions
 f - a potion of magic
 q - a potion of flight


   Skills:
 - Level 1.7 Dodging
 - Level 1.7 Stealth
 - Level 3.4 Spellcasting
 + Level 5.0 Ice Magic


You had 3 spell levels left.
You knew the following spells:

 Your Spells              Type           Power      Damage    Failure   Level
a - Freeze                Ice            84%        1d10      1%          1
b - Ozocubu's Armour      Ice            21%        N/A       6%          3
c - Frozen Ramparts       Ice            42%        1d6       6%          3

Your spell library contained the following spells:

 Spells                   Type           Power      Damage    Failure   Level
 Hailstorm                Conj/Ice       12%        3d5       50%         4
 Ozocubu's Refrigeration  Ice            10%        4d7       100%        7


Dungeon Overview and Level Annotations

Branches:
Dungeon (3/15)

Altars:

Shops:
D:3 =:


Innate Abilities, Weirdness & Mutations

You have a pair of small horns on your head.
Your demonic aura sometimes causes spilled blood to erupt in flames.


Message History

Unknown command.
You hit the water moccasin.
The water moccasin is lightly wounded.
You feel very sick. The water moccasin closely misses you.
Unknown command.
You hit the water moccasin.
The water moccasin is moderately wounded.
* * * LOW HITPOINT WARNING * * *
You feel very sick. The water moccasin closely misses you.
Unknown command.
Sorry, you're not good enough to have a special ability.
Casting: Ozocubu's Armour (dangerous; 6% risk of failure)
Confirm with . or Enter, or press ? or * to list all spells.
Your icy armour thickens.
* * * LOW HITPOINT WARNING * * *
You feel very sick. The water moccasin barely misses you.
The water moccasin bites you but does no damage.
Casting: Ozocubu's Armour (dangerous; 6% risk of failure)
Confirm with . or Enter, or press ? or * to list all spells.
Aiming: Freeze (safe; 1% risk of failure)
Press: ? - help, Shift-Dir - straight line, f - water moccasin
Aim: a water moccasin (moderately wounded)
You freeze the water moccasin.
The water moccasin is heavily wounded.
* * * LOW HITPOINT WARNING * * *
You feel sick. The water moccasin barely misses you.
Casting: Freeze (safe; 1% risk of failure)
Confirm with . or Enter, or press ? or * to list all spells.
Aiming: Freeze (safe; 1% risk of failure)
Press: ? - help, Shift-Dir - straight line, f/p - water moccasin
Aim: a water moccasin (heavily wounded)
You freeze the water moccasin!
The water moccasin is severely wounded.
* * * LOW HITPOINT WARNING * * *
You feel sick. The water moccasin closely misses you.
The water moccasin bites you.
You die...

#....# ##..####.#####
####....# ##..###.##...
?.......######..........
........#.......##.#....
........................
........#...............
........########.#......
........+ #.....#..
###....@# ####..###..
#<....S# #....>###..
####∩.∩# #.#........
.....# #.#.#####..
#..∩.∩# #.#.#####..
.......# #.#........
###.....# #..........
#####.# ###.#####.#
#.......#


You could see a water moccasin.

Vanquished Creatures
  A hound skeleton (D:2)
  Robin (D:2)
  5 gnolls
  An adder (D:3)
  A dart slug (D:2)
  An orc (D:3)
  3 ball pythons
  5 endoplasms
  2 giant cockroaches
  14 goblins
  5 hobgoblins
  2 quokkas
  8 bats
  6 frilled lizards
  A kobold (D:2)
  6 rats
62 creatures vanquished.

Vanquished Creatures (others)
  A fungus (D:1)
  2 withered plants (D:3)
3 creatures vanquished.

Grand Total: 65 creatures vanquished

Notes
Turn   | Place    | Note
-------+----------+-------------------------------------------
     0 | D:1      | Icepheonix32 the Demonspawn Ice Elementalist began the
                  | quest for the Orb.
     0 | D:1      | Reached XP level 1. HP: 13/13 MP: 3/3
   292 | D:1      | Gained mutation: Your demonic aura sometimes causes spilled
                  | blood to erupt in flames. [demonic ancestry]
   292 | D:1      | Reached XP level 2. HP: 19/19 MP: 3/5
   330 | D:1      | Reached skill level 4 in Ice Magic
   756 | D:1      | Gained mutation: You have a pair of small horns on your
                  | head. [demonic ancestry]
   756 | D:1      | Reached XP level 3. HP: 24/24 MP: 3/6
   760 | D:1      | Learned a level 3 spell: Ozocubu's Armour
   764 | D:1      | Learned a level 3 spell: Frozen Ramparts
   991 | D:2      | Noticed Robin
  1864 | D:2      | Killed Robin
  2070 | D:2      | Reached XP level 4. HP: 25/30 MP: 4/8
  2246 | D:2      | Found a faded altar of an unknown god.
  3628 | D:3      | Reached XP level 5. HP: 35/35 MP: 10/10
  3636 | D:3      | Reached skill level 5 in Ice Magic
  4040 | D:3      | Found Ubizanoh's Book Shoppe.
  4078 | D:3      | Found Tuap's Jewellery Shop.
  4078 | D:3      | Noticed a water moccasin
  4090 | D:3      | Slain by a water moccasin

Illustrated notes

Levels and vault maps discovered:
D:1:      wander_arrival_fairy_ring, layout_rooms, hangedman_decor_points
D:2:      layout_basic, shapermc_ecumenical_altar_mp_highgroup,
          chequers_serial_rivers_room_b, uniq_robin
D:3:      minmay_inner_zag, layout_basic, serial_undead, serial_undead_f,
          serial_undead_f, serial_undead_a, serial_undead_e, serial_shops,
          nicolae_shop_competitors_out_of_business, nicolae_shop_statue_plus,
          nicolae_lakefront_shop, shop_statue, shop, uniq_grinder

Skill      XL: |  1  2  3  4  5 |
---------------+----------------+-----
Ice Magic      | 4 5 |  5.0
Spellcasting   | 3 |  3.4
Dodging        | |  1.7
Stealth        | |  1.7

Action                   |  1- 3 |  4- 6 || total
-------------------------+-------+-------++-------
Melee: Unarmed           |    23 |       ||    23
       Dagger            |    49 |    73 ||   122
       Spear             |     3 |       ||     3
       Headbutt          |    13 |    11 ||    24
       Punch             |     1 |     2 ||     3
 Cast: Freeze            |    32 |     4 ||    36
       Ozocubu's Armour  |     1 |    10 ||    11
       Frozen Ramparts   |     1 |     1 ||     2
Evoke: Wand              |       |     1 ||     1
  Use: Potion            |     2 |     1 ||     3
 Stab: Sleeping          |     3 |     1 ||     4
       Distracted        |       |     1 ||     1
Armor: Robe              |    28 |    21 ||    49
Dodge: Dodged            |    79 |    62 ||   141
       Repelled          |     2 |       ||     2
